 Dungeon Crawl Stone Soup version 0.28-a0-114-g2bf3c13a2f (webtiles) character file.

Game seed: 9457034142032571829

36 Rennog the Skirmisher (level 3, 0/27 HPs)
             Began as an Octopode Fighter on Aug 13, 2021.
             Slain by Terence (4 damage)
             ... on level 2 of the Dungeon.
             The game lasted 00:01:21 (1296 turns).

Rennog the Skirmisher (Octopode Fighter)            Turns: 1296, Time: 00:01:22

Health: 0/27       AC:  1    Str: 15    XL:     3   Next: 37%
Magic:  3/3        EV: 11    Int: 10    God:
Gold:   49         SH:  8    Dex: 12    Spells: 2/2 levels left

rFire   . . .      SeeInvis .   a - +0 flail
rCold   . . .      Faith    .   b - +0 kite shield
rNeg    . . .      Spirit   .   (helmet restricted)
rPois   .          Reflect  .   (no amulet)
rElec   .          Harm     .   (no ring)
rCorr   .          Rampage  .   (no ring)
Will    .....                   (no ring)
Stlth   +++.......              (no ring)
HPRegen 0.09/turn               (no ring)
MPRegen 0.08/turn               (no ring)
                                (no ring)
                                (no ring)

@: no status effects
A: almost no armour, amphibious, 8 rings, camouflage 1, gelatinous body 1,
(nimble swimmer 1), tentacles
a: no special abilities


You were on level 2 of the Dungeon.
You visited 1 branch of the dungeon, and saw 2 of its levels.

You collected 49 gold pieces.

Inventory:

Hand Weapons
 a - a +0 flail (weapon)
Armour
 b - a +0 kite shield (worn)
Scrolls
 f - a scroll of identify {unknown}
Potions
 c - a potion of might
 d - a potion of curing {unknown}
 e - a potion of brilliance {unknown}
 g - a potion of attraction {unknown}


   Skills:
 + Level 4.1 Fighting
 - Level 2.0 Maces & Flails
 - Level 3.0 Dodging
 + Level 1.8 Stealth
 - Level 3.0 Shields


You had 2 spell levels left.
You didn't know any spells.
Your spell library contained the following spells:

 Spells                   Type           Power      Damage    Failure   Level
 Ensorcelled Hibernation  Hex/Ice        0%         N/A       95%         2
 Passwall                 Tmut/Erth      0%         N/A       95%         2
 Gell's Gravitas          Tloc           0%         N/A       99%         3
 Portal Projectile        Hex/Tloc       0%         N/A       99%         3
 Swiftness                Air            0%         N/A       99%         3
 Manifold Assault         Tloc           0%         N/A       100%        5
 Invisibility             Hex            0%         N/A       100%        6


Dungeon Overview and Level Annotations

Branches:
Dungeon (2/15)

Altars:
Sif Muna

Annotations:
D:2 Terence


Innate Abilities, Weirdness & Mutations

You cannot wear most types of armour.
You are amphibious.
You can wear up to eight rings at the same time.
Your skin changes colour to match your surroundings (Stealth+).
Your rubbery body absorbs attacks. (AC +1, EV +1)
((You are camouflaged near water. (Stealth+)))
You have tentacles for arms and can constrict up to eight enemies at once.


Message History

Terence is moderately wounded.
The adder bites you.
You are poisoned.
The adder poisons you! You block Terence's attack. The adder barely misses you.
You closely miss Terence. Your grab misses Terence. You squeeze Terence.
Terence is heavily wounded.
You feel sick. The adder closely misses you.
Terence hits you with a +0 short sword. You block the adder's attack.
Terence closely misses you.
You barely miss Terence. You grab Terence.
Terence is heavily wounded.
You constrict Terence, but do no damage.
You feel sick.
You are no longer poisoned.
You block the adder's attack. Terence hits you with a +0 short sword.
The adder misses you. Terence hits you with a +0 short sword.
* * * LOW HITPOINT WARNING * * *
You release your grip on Terence.
The adder closely misses you.
You closely miss the adder. Your grab misses the adder.
The adder barely misses you. Terence screams, "I want your blood!"
You block the adder's attack.
You miss the adder. You grab the adder. You constrict the adder.
The adder bites you.
* * * LOW HITPOINT WARNING * * *
You block the adder's attack.
You sock the adder!
You kill the adder!
You block Terence's attack.
You barely miss Terence. You grab Terence.
Terence is moderately wounded.
You constrict Terence. Terence barely misses you. You block Terence's attack.
You hit Terence.
Terence is heavily wounded.
You constrict Terence, but do no damage.
You block Terence's attack.
You hit Terence but do no damage.
Terence is heavily wounded.
You constrict Terence. Terence hits you with a +0 short sword.
You die...

.. #####...
... ##.....#
+.. #......#
#+...#...)..#
........†...#
#)....#
#.....#
##@####
#@####
#####....#
#(.......#
#........#
#........#
#........#
#........#
#........#
########.#


You could see Terence (resistant).

Vanquished Creatures
  An adder (D:2)
  2 ball pythons (D:1)
  A hobgoblin (D:2)
  8 jackals
  2 quokkas (D:1)
  4 bats
  2 frilled lizards
  3 kobolds
  3 rats (D:2)
26 creatures vanquished.

Notes
Turn   | Place    | Note
-------+----------+-------------------------------------------
     0 | D:1      | Rennog the Octopode Fighter began the quest for the Orb.
     0 | D:1      | Reached XP level 1. HP: 16/16 MP: 1/1
    24 | D:1      | Reached XP level 2. HP: 4/21 MP: 2/2
   278 | D:1      | Got Umeth's Disquisition on Displacement and Hexes
   818 | D:2      | Found a shimmering blue altar of Sif Muna.
   941 | D:2      | Reached skill level 1 in Stealth
   945 | D:2      | Reached XP level 3. HP: 7/27 MP: 3/3
  1281 | D:2      | Noticed Terence
  1282 | D:2      | Reached skill level 4 in Fighting
  1296 | D:2      | Slain by Terence

Illustrated notes

Levels and vault maps discovered:
D:1:      dpeg_arrival_rooms_b, layout_rooms, minmay_strange_pillars
D:2:      layout_basic, basic_altar, chequers_serial_rivers_room_b, uniq_terence

Skill      XL: |  1  2  3 |
---------------+----------+-----
Stealth        | 1 |  1.8
Fighting       | 4 |  4.1
Maces & Flails | |  2.0
Dodging        | |  3.0
Shields        | |  3.0

Action                   || total
-------------------------++-------
Melee: Flail             ||    56
       Tentacles         ||     8
       Constrict         ||    17
Armor: Skin              ||    10
Dodge: Dodged            ||    30
Block: Kite shield       ||    39

Table legend: (Time is in decaauts)
 A = Elapsed time spent in this place.
 B = Non-inter-level travel time spent in this place.
 C = Inter-level travel time spent in this place.
 D = Time resting spent in this place.
 E = Time spent auto-exploring this place.
 F = Levels seen in this place.
 G = Mean time per level.
                   A        B        C        D        E       F      G
               +--------+--------+--------+--------+--------+-----+--------+
         Total |   1324 |   1294 |     30 |      0 |   1144 |   2 |  662.0 |
       Dungeon |   1324 |   1294 |     30 |      0 |   1144 |   2 |  662.0 |
               +--------+--------+--------+--------+--------+-----+--------+

Top non-repeatable levels by time:
     D:1: 790 daAuts
     D:2: 534 daAuts
